 Dungeon Crawl Stone Soup version 0.31-a0-865-g3d5d91748a (webtiles) character file.

Game seed: 10267731550059582674

14 MachoJfn the Chiller (level 2, -1/33 HPs)
             Began as a Naga Ice Elementalist on Oct 10, 2023.
             Slain by a jackal (3 damage)
             ... on level 1 of the Dungeon.
             The game lasted 00:01:39 (690 turns).

MachoJfn the Chiller (Naga Ice Elementalist)         Turns: 690, Time: 00:01:40

Health: -1/33      AC:  1    Str: 10    XL:     2   Next: 45%
Magic:  0/5        EV:  9    Int: 15    God:
Gold:   6          SH:  0    Dex: 11    Spells: 4/5 levels left

rFire   . . .        j - +0 spear
rCold   . . .        (no shield)
rNeg    . . .        a - +0 robe
rPois   +            (no helmet)
rElec   .            (no cloak)
rCorr   .            (no gloves)
SInv    +            (no barding)
Will    .....        (no amulet) Stlth
                     k - +4 ring of slaying
HPRegen 0.25/turn    (no ring)
MPRegen 0.09/turn

%: no passive effects
@: berserking, quick
A: AC +0, large, see invisible, deformed body, poison resistance, slowness 2,
spit poison 1, naga tail 1
a: Spit Poison


You were on level 1 of the Dungeon.
You visited 1 branch of the dungeon, and saw 1 of its levels.

You collected 6 gold pieces.

Inventory:

Hand Weapons
 j - a +0 spear (weapon)
Missiles
 d - 10 stones
Armour
 a - a +0 robe (worn)
 e - a +0 leather armour
Jewellery
 k - a +4 ring of slaying (left hand)
Scrolls
 c - a scroll of amnesia {unknown}
 f - a scroll of immolation {unknown}
 g - a scroll of identify {unknown}
Potions
 b - a potion of magic
 h - a potion of degeneration {unknown}


   Skills:
 + Level 1.5 Dodging
 + Level 3.0 Stealth
 + Level 2.2 Spellcasting
 + Level 4.5 Ice Magic


You had 4 spell levels left.
You knew the following spells:

 Your Spells              Type           Power      Damage    Failure   Level
a - Freeze                Ice            60%        1d7       3%          1

Your spell library contained the following spells:

 Spells                   Type           Power      Damage    Failure   Level
 Frozen Ramparts          Ice            30%        1d5       11%         3
 Ozocubu's Armour         Ice            15%        N/A       11%         3
 Summon Ice Beast         Ice/Summ       8%         N/A       65%         4


Dungeon Overview and Level Annotations

Branches:
Dungeon (1/15)

Altars:


Innate Abilities, Weirdness & Mutations

Your serpentine skin is tough. (AC +0)
You have supernaturally acute eyesight. (SInv)
Armour fits poorly on your strangely shaped body.
Your system is resistant to poisons. (rPois)
You cover ground very slowly.
You can spit poison.
You have a snake-like lower body.


Message History

You open the door. The jackal bites you. The bat hits you.
The jackal bites you but does no damage.
The jackal barely misses you.
Your magical contamination has completely faded away.
The bat closely misses you. The jackal bites you.
There is an open door here.
The bat hits you but does no damage. The jackal attacks as it pursues you!
The jackal bites you.
Casting: Freeze (safe; 3% risk of failure)
Confirm with . or Enter, or press ? or * to list all spells.
Aiming: Freeze (safe; 3% risk of failure)
Press: ? - help, Shift-Dir - straight line, f - jackal
Aim: a jackal You freeze the jackal.
The jackal is severely wounded.
The jackal bites you.
Casting: Freeze (safe; 3% risk of failure)
Confirm with . or Enter, or press ? or * to list all spells.
You don't have enough magic to cast this spell.
You open the door. The jackal bites you.
* * * LOW HITPOINT WARNING * * *
The jackal barely misses you. The jackal bites you.
* * * LOW HITPOINT WARNING * * *
The jackal bites you but does no damage.
There is an open door here.
The jackal attacks as it pursues you! The jackal bites you.
* * * LOW HITPOINT WARNING * * *
It was a potion of berserk rage.
A red film seems to cover your vision as you go berserk!
You feel yourself moving faster!
You feel mighty!
The jackal bites you but does no damage.
The jackal bites you.
* * * LOW HITPOINT WARNING * * *
The jackal completely misses you.
You closely miss the jackal.
The jackal is severely wounded.
The jackal closely misses you. The jackal bites you.
* * * LOW HITPOINT WARNING * * *
The jackal bites you.
You die...

#.)...# #.....#
#.....# #.....#
###.....# ###
#.'.....+ ..#
#b#.....# #.#
####h#.....########.#
#...@h.....##...#...+
#....h...####...#.#.#
#........# #...#†#.'
#........# #...#.###
#..†.....# #...#...#
#........# #...#.#.#
#........# #....##.#
#........# #.##.##.#
#........####.##.##.#


You could see 3 jackals and a bat.

Vanquished Creatures
  An endoplasm (D:1)
  A giant cockroach (D:1)
  4 hobgoblins (D:1)
  A jackal (D:1)
  2 ball pythons (D:1)
  2 frilled lizards (D:1)
  2 rats (D:1)
13 creatures vanquished.

Notes
Turn   | Place    | Note
-------+----------+-------------------------------------------
     0 | D:1      | MachoJfn the Naga Ice Elementalist began the quest for the
                  | Orb.
     0 | D:1      | Reached XP level 1. HP: 15/15 MP: 3/3
   271 | D:1      | Reached XP level 2. HP: 20/22 MP: 0/5
   690 | D:1      | Slain by a jackal

Illustrated notes

Levels and vault maps discovered:
D:1:      dpeg_arrival_arbitrary_a, layout_basic

Action                     || total
---------------------------++-------
  Melee: Unarmed           ||     2
         Spear             ||    13
   Cast: Freeze            ||    19
    Use: Potion            ||     1
   Stab: Sleeping          ||     1
 Armour: Robe              ||    39
  Dodge: Dodged            ||    22

Table legend: (Time is in decaauts)
 A = Elapsed time spent in this place.
 B = Non-inter-level travel time spent in this place.
 C = Inter-level travel time spent in this place.
 D = Time resting spent in this place.
 E = Time spent auto-exploring this place.
 F = Levels seen in this place.
 G = Mean time per level.
                   A        B        C        D        E       F      G
               +--------+--------+--------+--------+--------+-----+--------+
         Total |    853 |    824 |     29 |      0 |    650 |   1 |  853.0 |
       Dungeon |    853 |    824 |     29 |      0 |    650 |   1 |  853.0 |
               +--------+--------+--------+--------+--------+-----+--------+

Top non-repeatable levels by time:
     D:1: 853 daAuts
